AoeStats
← superhillbilly

Arena

510321137Analyzed
1v1 RM · 21h ago on Sep 30, 2026· 43m 55s· 2 players
Game mode
Random Map
Map size
Tiny (2 player)
Population
200
Speed
Normal
Resources
Standard
Victory
Conquest
Starting age
Dark Age
Ending age
Imperial Age
RankedLock teamsTeams togetherTeam positionsShared explorationLock speedFull tech treeHidden civsTurbo modeCheats
Victory
Defeat
🇨🇳 Romans · China
912
+18
🇺🇸 Malians · United States
902
-16
superhillbilly
9:52 Feudal Age
9:50 Loom
16:51 Castle Age
15:19 Double-Bit Axe
20:30 Loom
27:40 Horse Collar
28:45 Wheelbarrow
31:29 Imperial Age
31:57 Fortified Wall
32:09 Redemption
32:45 Bow Saw
32:49 Capped Ram
36:03 Arson
36:19 Squires
37:10 Hand Cart
季秋钰
10:18 Feudal Age
10:54 Double-Bit Axe
16:34 Castle Age
15:02 Gold Mining
16:50 Wheelbarrow
19:09 Bow Saw
19:01 Stone Mining
22:51 Scale Mail Armor
23:35 Fletching
24:08 Fervor
24:13 Horse Collar
25:12 Devotion
27:46 Gold Shaft Mining
28:46 Heavy Plow
32:29 Imperial Age
30:09 Padded Archer Armor
31:43 Man-at-Arms
31:56 Elite Skirmisher
33:02 Bodkin Arrow
33:23 Leather Archer Armor
33:26 Hand Cart
33:05 Long Swordsman
33:46 Squires
34:09 Ballistics
34:51 Chemistry
34:30 Ballistas
34:58 Capped Ram
35:03 Heavy Scorpion
37:08 Conscription
38:39 Legionary
40:19 Siege Engineers
40:52 Town Watch
41:33 Light Cavalry
42:24 Bloodlines
42:15 Husbandry
43:39 Chain Mail Armor
43:34 Forging
Connection lost

Rejoining the realm…

Still unreachable

The connection could not be restored.

Session expired

The server has moved on; the page needs a fresh start.